 Dungeon Crawl Stone Soup version 0.32-a0-918-g0f22ef8d61 (webtiles) character file.

Game seed: 9089983574214812817

2 innerfire43 the Charlatan (level 1, 0/13 HPs)
             Began as a Demonspawn Wanderer on Apr 10, 2024.
             Succumbed to a kobold's poison
             ... on level 1 of the Dungeon.
             The game lasted 00:00:35 (103 turns).

innerfire43 the Charlatan (Demonspawn Wanderer)      Turns: 103, Time: 00:00:36

Health: 0/13       AC:  2    Str: 10    XL:     1   Next: 25%
Magic:  2/2        EV: 10    Int: 13    God:
Gold:   0          SH:  0    Dex: 13    Spells: 1/2 levels left

rFire   . . .        a - +0 dagger
rCold   . . .        (no shield)
rNeg    . . .        c - +0 robe
rPois   .            (no helmet)
rElec   .            (no cloak)
rCorr   .            (no gloves)
SInv    .            (no boots)
Will    .....        (no amulet)
Stlth   ++           (no ring)
HPRegen 0.22/turn    (no ring)
MPRegen 0.08/turn

%: no passive effects
@: lethally poisoned (0 -> -4)
A: no striking features
a: no special abilities


You were on level 1 of the Dungeon.
You visited 1 branch of the dungeon, and saw 1 of its levels.

Inventory:

Hand Weapons
 a - a +0 dagger (weapon)
Armour
 c - a +0 robe (worn)
Wands
 d - a wand of polymorph (6)
Scrolls
 b - a scroll of vulnerability


   Skills:
 + Level 0.1 Fighting
 + Level 0.1 Short Blades
 * Level 1.1 Armour
 - Level 1.7 Stealth
 - Level 1.0 Spellcasting
 - Level 2.0 Hexes
 - Level 1.0 Translocations
 - Level 3.0 Evocations


You had one spell level left.
You knew the following spells:

 Your Spells              Type           Power      Damage    Failure   Level
a - Slow                  Hex            20%        N/A       12%         1

Your spell library contained the following spells:

 Spells                   Type           Power      Damage    Failure   Level
 Jinxbite                 Hex            10%        N/A       19%         2
 Blink                    Tloc           6%         N/A       28%         2
 Momentum Strike          Conj/Tloc      2%         3d8       34%         2
 Cause Fear               Hex            2%         N/A       77%         4


Dungeon Overview and Level Annotations

Branches:
Dungeon (1/15)

Altars:


Message History

The hobgoblin is almost dead.
The hobgoblin hits you but does no damage.
You hit the hobgoblin.
You kill the hobgoblin!
You see here a hobgoblin corpse.
HP restored.
Found a stone staircase leading down.
There is a stone staircase leading down here.
A kobold comes into view.
It is wielding a +2 short sword of venom.
Found a chain mail.
A kobold is nearby!
A kobold is nearby!
A ball python comes into view.
The kobold shouts!
The ball python hisses angrily.
You hear a loud squeak. x2
The kobold barely misses you.
You hit the kobold.
The kobold is severely wounded.
The kobold hits you with a +2 short sword of venom.
You barely miss the kobold.
The kobold is severely wounded.
The kobold hits you but does no damage.
You are poisoned.
A rat comes into view.
You hit the kobold.
You kill the kobold!
You feel sick. The ball python bites you. The ball python grabs you.
The ball python constricts you.
* * * LOW HITPOINT WARNING * * *
You are too injured to fight recklessly!
You are too injured to fight recklessly!
You are too injured to fight recklessly!
Unknown command.
You barely miss the ball python.
* * * LOW HITPOINT WARNING * * *
You feel sick. The ball python bites you.
* * * LOW HITPOINT WARNING * * *
The ball python constricts you.
You hit the ball python.
You kill the ball python!
You die...

........# .......#
r...... .....#
.[..#######
#..........
#.)........ #
#####.@........ #
...#.......... ..####
#.###........ #....(
####.....#######
######
#......###############
#
#.....>..........†...#
#....###############.#
# #.... #.### #...
#.##.


You could see a rat.

Vanquished Creatures
  A hobgoblin (D:1)
  A ball python (D:1)
  A kobold (D:1)
3 creatures vanquished.

Notes
Turn   | Place    | Note
-------+----------+-------------------------------------------
     0 | D:1      | innerfire43 the Demonspawn Wanderer began the quest for the
                  | Orb.
     0 | D:1      | innerfire43 set off with the following items: a +0 dagger,
                  | a scroll of vulnerability, a +0 robe, a wand of polymorph
                  | (6); and the following spell memorised: Slow; and the
                  | following spells available to memorise: Jinxbite, Blink,
                  | Momentum Strike, Cause Fear.
     0 | D:1      | Reached XP level 1. HP: 13/13 MP: 2/2
   103 | D:1      | Succumbed to a kobold's poison

Illustrated notes

Levels and vault maps discovered:
D:1:      elethiomel_arrival_shortcut, layout_basic

Action                     || total
---------------------------++-------
  Melee: Dagger            ||    17
 Armour: Robe              ||    13
  Dodge: Dodged            ||     6

Table legend: (Time is in decaauts)
 A = Elapsed time spent in this place.
 B = Non-inter-level travel time spent in this place.
 C = Inter-level travel time spent in this place.
 D = Time resting spent in this place.
 E = Time spent auto-exploring this place.
 F = Levels seen in this place.
 G = Mean time per level.
                   A        B        C        D        E       F      G
               +--------+--------+--------+--------+--------+-----+--------+
         Total |    103 |    100 |      3 |      0 |     67 |   1 |  103.0 |
       Dungeon |    103 |    100 |      3 |      0 |     67 |   1 |  103.0 |
               +--------+--------+--------+--------+--------+-----+--------+

Top non-repeatable levels by time:
     D:1: 103 daAuts
